 Dungeon Crawl Stone Soup version 0.32-a0-519-g08f29ac1c3 (webtiles) character file.

Game seed: 1733515604342369438

66 mopl the Sneak (level 3, 0/26 HPs)
             Began as a Draconian Enchanter on Feb 28, 2024.
             Frozen to death by an endoplasm (2 damage)
             ... on level 2 of the Dungeon.
             The game lasted 00:01:33 (1139 turns).

mopl the Sneak (Draconian Enchanter)                Turns: 1139, Time: 00:01:34

Health: 0/26       AC:  5    Str: 10    XL:     3   Next: 96%
Magic:  1/7        EV: 12    Int: 17    God:
Gold:   73         SH:  0    Dex: 11    Spells: 2/7 levels left

rFire   . . .        a - +1 dagger
rCold   . . .        (no shield)
rNeg    + . .        (body armour unavailable)
rPois   .            (helmet restricted)
rElec   .            (no cloak)
rCorr   .            (no gloves)
SInv    .            (no boots)
Will    .....        (no amulet)
Stlth   ++           j - ring of positive energy
HPRegen 0.24/turn    (no ring)
MPRegen 0.10/turn

%: no passive effects
@: slowed, very slow
A: AC +5, unfitting armour, cold-blooded
a: no special abilities


You were on level 2 of the Dungeon.
You visited 1 branch of the dungeon, and saw 2 of its levels.

You collected 73 gold pieces.

Inventory:

Hand Weapons
 a - a +1 dagger (weapon)
Missiles
 g - 3 poisoned darts
 i - 5 atropa-tipped darts
Jewellery
 j - a ring of positive energy (left hand)
Wands
 n - a wand of mindburst (9)
Scrolls
 c - a scroll of enchant weapon {unknown}
 e - 4 scrolls of identify {unknown}
 k - a scroll of noise {unknown}
 l - a scroll of vulnerability {unknown}
 m - a scroll of poison {unknown}
Potions
 b - 2 potions of invisibility
 d - a potion of attraction {unknown}
 f - 2 potions of brilliance {unknown}
 h - a potion of heal wounds {unknown}


   Skills:
 + Level 1.5 Short Blades
 - Level 1.7 Dodging
 * Level 3.3 Stealth
 * Level 2.7 Spellcasting
 * Level 3.2 Hexes


You had 2 spell levels left.
You knew the following spells:

 Your Spells              Type           Power      Damage    Failure   Level
b - Ensorcelled Hibernat  Hex/Ice        14%        N/A       14%         2
c - Confusing Touch       Hex            13%        N/A       14%         3

Your spell library contained the following spells:

 Spells                   Type           Power      Damage    Failure   Level
 Tukima's Dance           Hex            13%        N/A       14%         3
 Dazzling Flash           Conj/Hex       14%        N/A       28%         3


Dungeon Overview and Level Annotations

Branches:
Dungeon (2/15)

Altars:

Annotations:
D:1 dig


Innate Abilities, Weirdness & Mutations

Your plain brown scales are hard. (AC +5)
You cannot fit into any form of body armour.
You are cold-blooded and may be slowed by cold attacks.


Message History

The rat twitches its whiskers.
The rat closely misses you. The endoplasm misses you.
The rat looks drowsy...
The endoplasm barely misses you.
The helpless rat fails to defend itself.
You puncture the rat!
You kill the rat!
The endoplasm hits you but does no damage.
An endoplasm comes into view.
You barely miss the endoplasm.
The endoplasm quivers.
You tail-slap the endoplasm.
The endoplasm is lightly wounded.
The endoplasm freezes you.
You are frozen.
The endoplasm looks drowsy...
The helpless endoplasm fails to defend itself.
You puncture the endoplasm!
You kill the endoplasm!
The endoplasm resists with significant effort.
The endoplasm freezes you.
You are frozen.
You feel yourself slow down.
You are too injured to fight recklessly!
You are too injured to fight recklessly!
You are too injured to fight recklessly!
You are too injured to fight recklessly!
You hit the endoplasm but do no damage. The endoplasm freezes you.
You are frozen.
* * * LOW HITPOINT WARNING * * *
You feel as though you will be slow longer.
The endoplasm barely misses you.
You completely miss the endoplasm. The endoplasm freezes you.
You are frozen.
* * * LOW HITPOINT WARNING * * *
You feel as though you will be slow longer.
You barely miss the endoplasm. The endoplasm freezes you.
You are frozen.
You die...

#..........#
####.#.....#
#.#######
#.# #####.#
#...#.#
#...#.#
#....$####
#.....@..#
#.#.##J#.#
#..# .#..#
#.# ## #.#
#. .# . # ..


You could see an endoplasm.

Vanquished Creatures
  An adder (D:2)
  2 dart slugs
  6 ball pythons
  3 bats
  3 endoplasms (D:2)
  5 goblins
  5 hobgoblins
  4 jackals (D:1)
  8 kobolds
  2 quokkas
  6 frilled lizards
  3 rats
48 creatures vanquished.

Notes
Turn   | Place    | Note
-------+----------+-------------------------------------------
     0 | D:1      | mopl the Draconian Enchanter began the quest for the Orb.
     0 | D:1      | Reached XP level 1. HP: 14/14 MP: 3/3
    59 | D:1      | Reached XP level 2. HP: 6/20 MP: 5/5
    62 | D:1      | Learned a level 2 spell: Ensorcelled Hibernation
   246 | D:1      | Reached skill level 3 in Stealth
   312 | D:1      | Reached skill level 3 in Hexes
   410 | D:1      | Reached XP level 3. HP: 24/26 MP: 6/6
   414 | D:1      | Learned a level 3 spell: Confusing Touch
  1139 | D:2      | Frozen to death by an endoplasm

Illustrated notes

Levels and vault maps discovered:
D:1:      dpeg_arrival_arbitrary_a, layout_rooms, roderic_cross_of_infinity,
          due_unseen_surprise
D:2:      layout_basic, st_stairs_4, minmay_small_reverse_x

Skill      XL: |  1  2 |
---------------+-------+-----
Stealth        | 3 |  3.3
Hexes          | 3 |  3.2
Short Blades   | |  1.5
Dodging        | |  1.7
Spellcasting   | |  2.7

Action                     || total
---------------------------++-------
  Melee: Dagger            ||   156
         Tailslap          ||    12
   Cast: Ensorcelled Hiber ||    11
   Stab: Sleeping          ||    15
 Armour: Skin              ||    88
  Dodge: Dodged            ||    92

Table legend: (Time is in decaauts)
 A = Elapsed time spent in this place.
 B = Non-inter-level travel time spent in this place.
 C = Inter-level travel time spent in this place.
 D = Time resting spent in this place.
 E = Time spent auto-exploring this place.
 F = Levels seen in this place.
 G = Mean time per level.
                   A        B        C        D        E       F      G
               +--------+--------+--------+--------+--------+-----+--------+
         Total |   1130 |   1097 |     33 |     56 |    729 |   2 |  565.0 |
       Dungeon |   1130 |   1097 |     33 |     56 |    729 |   2 |  565.0 |
               +--------+--------+--------+--------+--------+-----+--------+

Top non-repeatable levels by time:
     D:1: 668 daAuts
     D:2: 461 daAuts
